 Dungeon Crawl Stone Soup version 0.28.0-1-gb440e238dd (webtiles) character file.

Game seed: 12066178638761678504

100 themarg the Charlatan (level 4, -6/34 HPs)
             Began as a Gnoll Wanderer on Feb 24, 2022.
             Killed from afar by an orc wizard (10 damage)
             ... with a puff of flame
             ... on level 3 of the Dungeon.
             The game lasted 00:07:33 (2600 turns).

themarg the Charlatan (Gnoll Wanderer)              Turns: 2600, Time: 00:07:33

Health: -6/34      AC:  3    Str: 14    XL:     4   Next: 73%
Magic:  5/5        EV: 11    Int: 10    God:
Gold:   71         SH:  0    Dex: 12    Spells: 5/5 levels left

rFire   . . .      SeeInvis .   b - +2 short sword (speed)
rCold   . . .      Faith    .   (no shield)
rNeg    . . .      Spirit   .   f - +0 leather armour
rPois   .          Reflect  .   (no helmet)
rElec   .          Harm     .   (no cloak)
rCorr   .          Rampage  .   (no gloves)
Will    .....                   (no boots)
Stlth   +.........              (no amulet)
HPRegen 0.11/turn               (no ring)
MPRegen 0.09/turn               (no ring)

@: confused
A: fangs 1, strong nose, distributed training
a: no special abilities


You were on level 3 of the Dungeon.
You visited 1 branch of the dungeon, and saw 3 of its levels.

You collected 71 gold pieces.

Inventory:

Hand Weapons
 a - a +2 shortbow
 b - a +2 short sword of speed (weapon)
 c - a +0 hunting sling
 h - a +0 dagger
 p - a +1 hunting sling of flaming
Missiles
 d - 21 sling bullets
 g - 67 stones (quivered)
 k - 14 arrows
 r - 2 poisoned darts
Armour
 f - a +0 leather armour (worn)
Wands
 e - a wand of flame (12)
Scrolls
 i - a scroll of identify {unknown}
 n - a scroll of brand weapon {unknown}
 q - a scroll of enchant weapon {unknown}
 t - a scroll of immolation {unknown}
 u - a scroll of torment {unknown}
Potions
 j - a potion of magic {unknown}
 l - a potion of resistance {unknown}
 m - a potion of heal wounds {unknown}
 o - 2 potions of curing {unknown}
 s - a potion of attraction {unknown}


   Skills:
 + Level 2.8 Fighting
 + Level 1.2 Short Blades
 + Level 1.2 Long Blades
 + Level 1.2 Axes
 + Level 1.2 Maces & Flails
 + Level 1.2 Polearms
 + Level 1.2 Staves
 + Level 4.7 Slings
 + Level 4.7 Bows
 + Level 1.2 Crossbows
 + Level 1.2 Throwing
 + Level 2.8 Armour
 + Level 1.2 Dodging
 + Level 2.6 Stealth
 + Level 1.2 Shields
 + Level 1.2 Unarmed Combat
 + Level 1.2 Spellcasting
 + Level 1.0 Conjurations
 + Level 1.0 Hexes
 + Level 1.0 Summonings
 + Level 1.0 Necromancy
 + Level 1.0 Translocations
 + Level 1.0 Transmutations
 + Level 1.0 Fire Magic
 + Level 1.0 Ice Magic
 + Level 1.0 Air Magic
 + Level 1.0 Earth Magic
 + Level 1.0 Poison Magic
 + Level 1.3 Invocations
 + Level 6.6 Evocations


You had 5 spell levels left.
You didn't know any spells.
Your spell library contained the following spells:

 Spells                   Type           Power      Damage    Failure   Level
 Sublimation of Blood     Necr           2%         N/A       38%         2
 Petrify                  Tmut/Erth      2%         N/A       95%         4
 Irradiate                Conj/Tmut      1%         3d13      100%        5


Dungeon Overview and Level Annotations

Branches:
Dungeon (3/15)

Altars:

Annotations:
D:2 1 runed translucent door, Crazy Yiuf


Innate Abilities, Weirdness & Mutations

You have very sharp teeth.
Your uncanny sense of smell can sniff out nearby items.
Your experience applies equally to all skills.


Message History

The orc barely misses you.
You hit the orc.
The orc is heavily wounded.
The orc closely misses you.
You completely miss the orc.
The orc is heavily wounded.
You closely miss the orc. You bite the orc, but do no damage.
The orc is heavily wounded.
The orc misses you.
You hit the orc.
The orc is almost dead.
The orc closely misses you.
You hit the orc.
You kill the orc!
You closely miss something. You bite something. Something hits you.
You miss something. Your bite misses something. Something hits you.
You barely miss something. You hit something. Your bite misses something.
You hear some strange, mumbled words.
A puff of flame appears from out of thin air!
The puff of flame hits you!
You miss something.
You hear some strange, mumbled words.
A puff of flame appears from out of thin air!
The puff of flame misses you.
You miss something. Your bite misses something. Something hits you.
* * * LOW HITPOINT WARNING * * *
You barely miss something. Your bite misses something. You miss something.
Something hits you.
* * * LOW HITPOINT WARNING * * *
You miss something.
You hear some strange, mumbled words.
You are confused.
You're too confused to move!
Something hits you.
* * * LOW HITPOINT WARNING * * *
You bump into the rock wall.
You hear some strange, mumbled words.
A puff of flame appears from out of thin air!
The puff of flame hits you!
You die...

##.#.# #...###
##....#######.
#............
∆
+..........#.
#....#####.#
#.>........#
##.#########.#
#..@{...(....
#####.)####.
#..# #....
##.### .# ##


There were no monsters in sight!

Vanquished Creatures
  3 adders (D:2)
  A worm (D:2)
  A dart slug (D:1)
  6 orcs (D:3)
  4 endoplasms
  5 giant cockroaches
  6 goblins
  2 hobgoblins
  7 jackals
  2 quokkas
  8 ball pythons
  6 bats (D:1)
  2 frilled lizards
  2 kobolds (D:1)
  3 rats
58 creatures vanquished.

Vanquished Creatures (others)
  2 fungi (D:2)
2 creatures vanquished.

Grand Total: 60 creatures vanquished

Notes
Turn   | Place    | Note
-------+----------+-------------------------------------------
     0 | D:1      | themarg the Gnoll Wanderer began the quest for the Orb.
     0 | D:1      | themarg set off with the following items: a +2 shortbow, 31
                  | arrows, a +0 hunting sling, 21 sling bullets, a wand of
                  | flame (7), a +0 leather armour
     0 | D:1      | Reached XP level 1. HP: 17/17 MP: 1/1
   133 | D:1      | Reached XP level 2. HP: 18/23 MP: 2/2
   557 | D:1      | Found a faded altar of an unknown god.
   562 | D:1      | Reached XP level 3. HP: 28/28 MP: 3/3
  1046 | D:2      | Reached skill level 1 in Invocations
  1174 | D:2      | Reached skill level 1 in Short Blades
  1174 | D:2      | Reached skill level 1 in Long Blades
  1174 | D:2      | Reached skill level 1 in Axes
  1174 | D:2      | Reached skill level 1 in Maces & Flails
  1174 | D:2      | Reached skill level 1 in Polearms
  1174 | D:2      | Reached skill level 1 in Staves
  1174 | D:2      | Reached skill level 1 in Crossbows
  1174 | D:2      | Reached skill level 1 in Throwing
  1174 | D:2      | Reached skill level 1 in Dodging
  1174 | D:2      | Reached skill level 1 in Shields
  1174 | D:2      | Reached skill level 1 in Unarmed Combat
  1174 | D:2      | Reached skill level 1 in Spellcasting
  1348 | D:2      | Reached XP level 4. HP: 33/34 MP: 5/5
  2330 | D:2      | Found a runed translucent door.
  2331 | D:2      | Noticed Crazy Yiuf
  2474 | D:3      | Reached skill level 1 in Conjurations
  2474 | D:3      | Reached skill level 1 in Hexes
  2474 | D:3      | Reached skill level 1 in Summonings
  2474 | D:3      | Reached skill level 1 in Necromancy
  2474 | D:3      | Reached skill level 1 in Translocations
  2474 | D:3      | Reached skill level 1 in Transmutations
  2474 | D:3      | Reached skill level 1 in Fire Magic
  2474 | D:3      | Reached skill level 1 in Ice Magic
  2474 | D:3      | Reached skill level 1 in Air Magic
  2474 | D:3      | Reached skill level 1 in Earth Magic
  2474 | D:3      | Reached skill level 1 in Poison Magic
  2600 | D:3      | Killed from afar by an orc wizard

Illustrated notes

Levels and vault maps discovered:
D:1:      minmay_arrival_widening_spiral_wide, layout_basic,
          chequers_ecumenical_altar_simple
D:2:      layout_basic, serial_corexii_hall, corexii_hall_statues_i,
          corexii_hall_statues_deadend, uniq_crazy_yiuf_cottage
D:3:      layout_basic

Skill      XL: |  1  2  3  4 |
---------------+-------------+-----
Invocations    | 1 |  1.3
Short Blades   | 1 |  1.2
Long Blades    | 1 |  1.2
Axes           | 1 |  1.2
Maces & Flails | 1 |  1.2
Polearms       | 1 |  1.2
Staves         | 1 |  1.2
Crossbows      | 1 |  1.2
Throwing       | 1 |  1.2
Dodging        | 1 |  1.2
Shields        | 1 |  1.2
Unarmed Combat | 1 |  1.2
Spellcasting   | 1 |  1.2
Conjurations   | 1 |  1.0
Hexes          | 1 |  1.0
Summonings     | 1 |  1.0
Necromancy     | 1 |  1.0
Translocations | 1 |  1.0
Transmutations | 1 |  1.0
Fire Magic     | 1 |  1.0
Ice Magic      | 1 |  1.0
Air Magic      | 1 |  1.0
Earth Magic    | 1 |  1.0
Poison Magic   | 1 |  1.0
Fighting       | |  2.8
Slings         | |  4.7
Bows           | |  4.7
Armour         | |  2.8
Stealth        | |  2.6
Evocations     | |  6.6

Action                   |  1- 3 |  4- 6 || total
-------------------------+-------+-------++-------
Melee: Short sword       |    14 |    69 ||    83
       Bite              |       |     9 ||     9
       Punch             |       |     1 ||     1
 Fire: Shortbow          |    81 |    20 ||   101
Throw: Stone             |       |     2 ||     2
Armor: Leather armour    |    17 |     3 ||    20
Dodge: Dodged            |    23 |    19 ||    42
